 Dungeon Crawl Stone Soup version 0.22.0-13-g43fe8f24b8 (webtiles) character file.

16474884 Sphara the Archmage (level 27, 184/184 HPs)
             Began as a Deep Elf Ice Elementalist on Aug 14, 2018.
             Was a High Priest of Sif Muna.
             Escaped with the Orb
             ... and 15 runes on Aug 17, 2018!
             The game lasted 12:09:33 (94983 turns).

Sphara the Archmage (Deep Elf Ice Elementalist)    Turns: 94983, Time: 12:09:33

Health: 184/184    AC: 21    Str:  6    XL:     27
Magic:  66/66      EV: 27    Int: 37    God:    Sif Muna [*****.]
Gold:   10092      SH:  7    Dex: 16    Spells: 0/80 levels left

rFire    + . .     SeeInvis +   a - staff of conjuration
rCold    + + +     Gourm    .   N - +2 buckler of the Moon {MR+ Regen+ Stlth+}
rNeg     + + +     Faith    .   I - +4 moon troll leather armour {Spirit, Regen++ MP+5}
rPois    .         Spirit   +   e - +2 helmet {Int+3}
rElec    +         Reflect  .   z - +2 cloak {MR+}
rCorr    .         Harm     .   W - +2 pair of gloves {Dex+3}
MR       ++++.                  m - +2 pair of boots {run}
Stlth    +++.......             S - amulet of the Fool {RegenMP rElec rC+}
HPRegen  1.60/turn              B - ring of Odel {Fire rN++ Int+3}
MPRegen  0.65/turn              x - ring of Vanity {+Fly rC+++ rN+ Dex-2 SInv}

@: quick
A: dopey 1, high mp 1
0: Orb of Zot
}: 15/15 runes: decaying, slimy, silver, golden, iron, obsidian, icy, bone,
abyssal, demonic, glowing, magical, fiery, dark, gossamer
a: Divine Energy, Channel Magic, Forget Spell, Renounce Religion, Evoke Flight


You escaped.
You worshipped Sif Muna.
Sif Muna was extremely pleased with you.
You were not hungry.

You visited 17 branches of the dungeon, and saw 87 of its levels.
You visited Pandemonium 3 times, and saw 12 of its levels.
You visited the Abyss 2 times.
You visited 1 ziggurat, and saw 19 of its levels.
You also visited: Trove, Ossuary and Wizlab.

You collected 12561 gold pieces.
You spent 2469 gold pieces at shops.

Inventory:

Hand Weapons
 b - the +8 mithril axe "Arga" {speed, MR+}
   (You found it on level 4 of the Depths)

   Attacks with this weapon are significantly faster.
   It affects your resistance to hostile enchantments.
Missiles
 V - 5 throwing nets (quivered)
Armour
 e - a +2 helmet of intelligence (worn)
 m - a +2 pair of boots of running (worn)
 z - a +2 cloak of magic resistance (worn)
 I - the +4 moon troll leather armour (worn) {Spirit, Regen++ MP+5}
   (You took it off a moon troll in a wizard's laboratory)

   It affects your magic capacity (+5).
   It increases your rate of regeneration.
 J - the +3 robe of Folly {Archmagi, MR-- Int+5}
   (You found it on level 15 of a ziggurat)

   It affects your intelligence (+5).
   It affects your resistance to hostile enchantments.
 N - the +2 buckler of the Moon (worn) {MR+ Regen+ Stlth+}
   (You found it in a treasure trove)

   It affects your resistance to hostile enchantments.
   It increases your rate of regeneration.
   It makes you more stealthy.
 T - a +2 cloak of invisibility
 W - a +2 pair of gloves of dexterity (worn)
Magical Staves
 a - an uncursed staff of conjuration (weapon)
 O - an uncursed staff of energy
Jewellery
 f - the ring "Ydurepn" {rCorr Str+6}
   (You found it on level 16 of a ziggurat)

   [ring of resist corrosion]

   It affects your strength (+6).
 x - the ring of Vanity (right hand) {+Fly rC+++ rN+ Dex-2 SInv}
   (You took it off a necromancer on level 3 of the Crypt)

   [ring of positive energy]

   It affects your dexterity (-2).
   It renders you almost immune to cold.
   It protects you from negative energy.
   It lets you see invisible.
   It lets you fly.
 B - the ring of Odel (left hand) {Fire rN++ Int+3}
   (You took it off a deep elf blademaster on level 3 of the Elven Halls)

   [ring of fire]

   It enhances your fire magic.
   It affects your intelligence (+3).
   It protects you from fire.
   It makes you vulnerable to cold.
   It greatly protects you from negative energy.
 M - the ring "Ufyrho" {Str+4 Slay+6 Stlth+}
   (You found it on level 14 of a ziggurat)

   [ring of strength]

   It affects your strength (+4).
   It affects your accuracy and damage with ranged weapons and melee attacks
   (+6).
   It makes you more stealthy.
 S - the amulet of the Fool (around neck) {RegenMP rElec rC+}
   (You found it on level 1 of the Swamp)

   [amulet of magic regeneration]

   It increases your magic regeneration.
   It protects you from cold.
   It insulates you from electricity.
 Y - the ring of Leaves {+Fly rF+}
   (You took it off a deep elf knight on level 3 of the Elven Halls)

   [ring of protection from fire]

   It protects you from fire.
   It lets you fly.
 Z - the ring of Phasing {EV+8}
   (You took it off a necromancer on level 1 of the Depths)

   [ring of evasion]

   It affects your evasion (+8).
Wands
 g - a wand of iceblast (39)
 n - a wand of paralysis (50)
 p - a wand of digging (56)
 y - a wand of acid (17)
Scrolls
 o - 20 scrolls of teleportation
 A - 6 scrolls of immolation
 C - 26 scrolls of remove curse
 D - 6 scrolls of blinking
 E - 5 scrolls of identify
 G - 6 scrolls of summoning
 H - 8 scrolls of fog
 K - 4 scrolls of amnesia
 U - 7 scrolls of fear
 X - 7 scrolls of holy word
Potions
 h - 4 potions of agility
 i - 12 potions of heal wounds
 j - 6 potions of resistance
 k - 12 potions of mutation
 l - 14 potions of curing
 q - 3 potions of invisibility
 s - 9 potions of ambrosia
 t - 13 potions of might
 u - 4 potions of magic
 v - 12 potions of flight
 w - 5 potions of brilliance
 F - a potion of haste
 R - 3 potions of cancellation
Miscellaneous
 d - a lamp of fire
 r - a figurine of a ziggurat
 L - a fan of gales
 Q - a phial of floods
Comestibles
 c - 64 rations


   Skills:
 * Level 22.2 Fighting
 - Level 13.0 Axes
 - Level 3.2 Armour
 - Level 21.6 Dodging
 - Level 18.2 Stealth
 - Level 4.1 Shields
 O Level 27 Spellcasting
 - Level 25.4 Conjurations
 - Level 15.0 Charms
 - Level 7.0 Summonings
 * Level 22.4 Necromancy
 - Level 5.7 Translocations
 - Level 8.8 Transmutations
 - Level 23.8 Fire Magic
 - Level 21.1 Ice Magic
 - Level 15.1 Earth Magic
 * Level 25.8 Invocations
 - Level 16.0 Evocations


You couldn't memorise any spells.
You knew the following spells:

 Your Spells              Type           Power        Failure   Level  Hunger
a - Fire Storm            Conj/Fire      #########.   2%          9    #......
b - Blink                 Tloc           N/A          1%          2    None
c - Throw Icicle          Conj/Ice       ########     0%          4    None
d - Ignition              Fire           ########..   1%          8    None
f - Passwall              Tmut/Erth      #######.     0%          2    None
g - Lee's Rapid Deconstr  Erth           ########..   1%          5    None
h - Statue Form           Tmut/Erth      #######..    1%          6    None
i - Bolt of Cold          Conj/Ice       ########..   0%          6    None
j - Sublimation of Blood  Necr           ########..   0%          2    None
k - Borgnjor's Vile Clut  Necr/Erth      ########..   0%          5    None
l - Apportation           Tloc           ######       1%          1    None
m - Summon Butterflies    Summ           #######.     1%          1    None
n - Aura of Abjuration    Summ           #######...   1%          5    None
o - Glaciate              Conj/Ice       ########..   4%          9    #......
p - Passage of Golubria   Tloc           N/A          1%          4    None
z - Regeneration          Chrm/Necr      ########..   0%          3    None
B - Borgnjor's Revivific  Necr           ########..   1%          8    None

Your spell library contained the following spells:

 Spells                   Type           Power        Failure   Level  Hunger
 Cause Fear               Hex            #####.....   5%          4    None
 Magic Dart               Conj           ####         0%          1    None
 Fireball                 Conj/Fire      #########.   0%          5    None
 Conjure Flame            Conj/Fire      ########     0%          3    None
 Bolt of Fire             Conj/Fire      #########.   0%          6    None
 Lightning Bolt           Conj/Air       ########..   1%          5    None
 Bolt of Magma            Conj/Fire/Erth #########.   0%          5    None
 Slow                     Hex            #####...     1%          2    None
 Confuse                  Hex            #####...     1%          3    None
 Invisibility             Hex            #####...     65%         6    None
 Throw Flame              Conj/Fire      ######       0%          2    None
 Throw Frost              Conj/Ice       ######       0%          2    None
 Controlled Blink         Tloc           N/A          98%         8    None
 Freezing Cloud           Conj/Ice/Air   ########..   1%          6    None
 Mephitic Cloud           Conj/Pois/Air  ########     1%          3    None
 Ring of Flames           Chrm/Fire      ########..   1%          7    None
 Venom Bolt               Conj/Pois      ########..   1%          5    None
 Olgreb's Toxic Radiance  Pois           #####...     5%          4    None
 Teleport Other           Tloc           #######.     1%          3    None
 Death's Door             Chrm/Necr      ########..   1%          8    None
 Summon Small Mammal      Summ           ####         1%          1    None
 Bolt of Draining         Conj/Necr      ########..   0%          5    None
 Lehudib's Crystal Spear  Conj/Erth      ########..   1%          8    None
 Iskenderun's Mystic Bla  Conj           ########     0%          4    None
 Summon Horrible Things   Summ           #######...   91%         8    None
 Animate Dead             Necr           N/A          0%          4    None
 Pain                     Necr           ####         0%          1    None
 Animate Skeleton         Necr           N/A          0%          1    None
 Vampiric Draining        Necr           ########..   0%          3    None
 Haunt                    Necr/Summ      ########..   1%          7    None
 Freeze                   Ice            ####         0%          1    None
 Ozocubu's Refrigeration  Ice            ########..   0%          6    None
 Sticky Flame             Conj/Fire      ########     0%          4    None
 Summon Ice Beast         Ice/Summ       ########     1%          4    None
 Ozocubu's Armour         Chrm/Ice       ########     0%          3    None
 Call Imp                 Summ           #######.     1%          2    None
 Dispel Undead            Necr           ########     0%          5    None
 Poison Arrow             Conj/Pois      ########..   1%          6    None
 Sting                    Conj/Pois      ####         0%          1    None
 Tukima's Dance           Hex            #####...     1%          3    None
 Summon Demon             Summ           #######...   1%          5    None
 Summon Greater Demon     Summ           #######...   26%         7    None
 Corpse Rot               Necr           N/A          0%          2    None
 Iron Shot                Conj/Erth      ########..   1%          6    None
 Stone Arrow              Conj/Erth      ######       0%          3    None
 Shock                    Conj/Air       ####         0%          1    None
 Swiftness                Chrm/Air       #######.     1%          2    None
 Recall                   Summ/Tloc      N/A          1%          3    None
 Agony                    Necr           ########     0%          5    None
 Spider Form              Tmut/Pois      ######....   1%          3    None
 Blade Hands              Tmut           #######...   1%          5    None
 Ice Form                 Ice/Tmut       ########     0%          4    None
 Dragon Form              Tmut           #######...   13%         7    None
 Necromutation            Tmut/Necr      ########..   6%          8    None
 Death Channel            Necr           ########..   0%          6    None
 Deflect Missiles         Chrm/Air       #######...   4%          6    None
 Airstrike                Air            #####.....   5%          4    None
 Shadow Creatures         Summ           N/A          4%          6    None
 Confusing Touch          Hex            #####.       1%          1    None
 Flame Tongue             Conj/Fire      #####        0%          1    None
 Ignite Poison            Fire/Tmut/Pois ########     1%          3    None
 Sticks to Snakes         Tmut           #######.     1%          2    None
 Call Canine Familiar     Summ           #######.     1%          3    None
 Ensorcelled Hibernation  Hex/Ice        ######       0%          2    None
 Metabolic Englaciation   Hex/Ice        #######...   1%          5    None
 Silence                  Hex/Air        #####.....   16%         5    None
 Shatter                  Erth           ########..   75%         9    #......
 Dispersal                Tloc           #######...   9%          6    None
 Static Discharge         Conj/Air       ########     0%          3    None
 Corona                   Hex            #####..      1%          1    None
 Alistair's Intoxication  Tmut/Pois      ######..     2%          5    None
 Sandblast                Erth           ######       0%          1    None
 Simulacrum               Ice/Necr       ########..   0%          6    None
 Conjure Ball Lightning   Conj/Air       ########..   1%          6    None
 Chain Lightning          Conj/Air       ########..   21%         8    None
 Excruciating Wounds      Chrm/Necr      ########..   0%          5    None
 Portal Projectile        Hex/Tloc       ######       1%          3    None
 Monstrous Menagerie      Summ           #######...   26%         7    None
 Petrify                  Tmut/Erth      #######.     1%          4    None
 Orb of Destruction       Conj           #########.   0%          7    None
 Malign Gateway           Summ/Tloc      #######...   34%         7    None
 Tornado                  Air            #####.....   100%        9    #......
 Leda's Liquefaction      Hex/Erth       #######...   1%          4    None
 Summon Hydra             Summ           #######...   26%         7    None
 Darkness                 Hex            #####.....   65%         6    None
 Shroud of Golubria       Chrm/Tloc      #######...   0%          2    None
 Inner Flame              Hex/Fire       ########     0%          3    None
 Beastly Appendage        Tmut           ######       0%          1    None
 Disjunction              Tloc           #######...   98%         8    None
 Iskenderun's Battlesphe  Conj/Chrm      ########     0%          5    None
 Fulminant Prism          Conj/Hex       ########..   1%          4    None
 Dazzling Spray           Conj/Hex       ######       0%          3    None
 Force Lance              Conj/Tloc      ########     0%          4    None
 Infusion                 Chrm           ####         0%          1    None
 Song of Slaying          Chrm           ########     0%          2    None
 Spectral Weapon          Hex/Chrm       #######.     1%          3    None
 Searing Ray              Conj           ######       0%          2    None
 Discord                  Hex            #####.....   100%        8    None
 Summon Forest            Summ/Tloc      #######...   1%          5    None
 Summon Lightning Spire   Summ/Air       ######..     1%          4    None
 Summon Guardian Golem    Hex/Summ       ######..     1%          3    None
 Dragon's Call            Summ           #######...   100%        9    #......
 Spellforged Servitor     Conj/Summ      ########..   1%          7    None
 Summon Mana Viper        Hex/Summ       ######..     3%          5    None
 Hydra Form               Tmut           #######...   2%          6    None
 Irradiate                Conj/Tmut      ########..   0%          5    None
 Gell's Gravitas          Tloc           #######...   1%          3    None
 Yara's Violent Unravell  Hex/Tmut       ######....   2%          5    None
 Infestation              Necr           ########..   1%          8    None
 Lesser Beckoning         Tloc           #######...   1%          3    None
 Poisonous Vapours        Pois/Air       #####.       1%          2    None


Dungeon Overview and Level Annotations

Branches:
Dungeon (15/15)            Temple (0/1) D:7            Lair (6/6) D:10
  Swamp (4/4) Lair:3       Spider (4/4) Lair:3        Slime (5/5) Lair:6
    Orc (2/2) D:12            Elf (3/3) Orc:2        Vaults (5/5) D:14
  Crypt (3/3) Vaults:3       Tomb (3/3) Crypt:3      Depths (5/5) D:15
   Hell (1/1)                 Dis (7/7) Hell            Geh (7/7) Hell
    Coc (7/7) Hell            Tar (7/7) Hell            Zot (5/5) Depths:5

Altars:
Cheibriados
Elyvilon
Fedhas
Kikubaaqudgha
Nemelex Xobeh
Okawaru
Ru
Sif Muna
Uskayaw
Vehumet
Xom
The Shining One
Beogh
Jiyva

Shops:
D:8 (%   D:12 %   Orc:2 [(*(}   Elf:1 =   Elf:2 *(([   Vaults:2 %   Vaults:4 *

Portals:
Hell: Depths:1 Depths:2 Depths:3 Depths:4 Depths:5
Abyss: Depths:3 Depths:4 Depths:5
Pandemonium: Depths:1 Depths:3 Depths:5

Annotations:
D:4 exclusion: shadow imp
D:15 TWO UNSEEN HORRORS
Swamp:3 1 runed door, exclusion: downstairs, Uhuan's ghost, adept MiBe
Spider:1 exclusion: downstairs
Elf:2 5 runed doors
Vaults:2 exclusion: downstairs
Crypt:2 1 runed door, Sphara's ghost, veteran DEIE
Zot:2 2 transporters, exclusions: orange crystal statue and 2 upstairs
Zot:4 exclusion: upstairs
Zot:5 exclusion: upstairs


Innate Abilities, Weirdness & Mutations

You are dopey. (Int -2)
You have an increased reservoir of magic. (+10% MP)


Message History

You climb downwards.
There is a stone staircase leading up here.
An Orb Guardian comes into view.
There is a stone staircase leading up here.
You climb upwards.
There is a stone staircase leading down here.
There is a stone staircase leading up here.
You climb upwards.
There is a stone staircase leading down here.
Casting: Passwall (safe; 0% risk of failure)
Confirm with . or Enter, or press ? or * to list all spells.
Aiming: Passwall (safe; 0% risk of failure)
Press: ? - help, Dir - move target cursor A rock wall.
This square is covered in magical glow.
You begin to meditate on the wall.
You continue meditating on the rock. x2
Magic restored.
You finish merging with the rock.
There is a staircase leading out of the dungeon here.
You have escaped!

.......# ...#...#
.....###################
.........#.............#
..####........##'##....# #.#
#..####...#...#....# #.###.##
#.###.8.###..###### #.##..#
#.#.......#.......# #.#..##
#.#.8.@.8.#.###...#
....#######.#.......#.###...#
............###.8.###.......#
.#######..#...#...#.........#
.# #.##...##+##.....#...# .#
#.##.............#...#
.#######.##.#######....##...#
...............[....#.#######
#######..##.#########.#


There were no monsters in sight!

Vanquished Creatures
  Cerebov (Pan)
  Antaeus (Coc:7)
  Asmodeus (Geh:7)
  the Royal Jelly (Slime:5)
  Ereshkigal (Tar:7)
  Dissolution (Slime:3)
  Gloorx Vloq (Pan)
  the Serpent of Hell (Geh:7)
  Lom Lobon (Pan)
  Mnoleg (Pan)
  Dispater (Dis:7)
  4 pandemonium lords
  9 orbs of fire
  Mara (Tomb:2)
  13 ancient liches
  8 juggernauts
  Sojobo (Vaults:4)
  26 greater mummies
  8 shard shrikes
  Saint Roka (Depths:3)
  Bai Suzhen (Crypt:2)
  A curse toe (Zot:2)
  10 caustic shrikes
  4 Killer Klowns
  8 golden dragons
  Nikola (Swamp:2)
  7 doom hounds
  7 bone dragons
  Arachne (Spider:2)
  A hellephant (Zig:14)
  8 Brimstone Fiends
  5 iron giants (Dis:7)
  4 electric golems
  14 Tzitzimimeh
  Rupert (Orc:2)
  14 liches
  13 Hell Sentinels
  10 Ice Fiends
  24 Orb Guardians (Zot:5)
  16 tentacled monstrosities
  A moon troll (WizLab)
  3 deep elf blademasters (Elf:3)
  5 titans
  9 quicksilver dragons
  A deep elf master archer (Elf:3)
  26 acid blobs
  7 death cobs
  11 sphinxes
  16 Executioners
  11 tentacled starspawn
  12 ancient champions
  Frances (Spider:2)
  Kirke (Spider:2)
  9 shadow dragons
  19 storm dragons
  Roxanne (D:14)
  2 thorn hunters
  4 draconian monks
  Donald (Orc:2)
  11 tengu reavers
  35 frost giants
  19 azure jellies
  5 nagarajas
  25 fire giants
  6 revenants
  16 iron dragons
  35 balrugs
  21 vault wardens
  9 draconian knights
  A juggernaut zombie (Depths:1)
  7 deep elf sorcerers
  8 orc warlords
  Louise (D:15)
  3 warmongers (Pan)
  2 caustic shrike zombies
  4 draconian scorchers
  8 ghost moths
  11 emperor scorpions
  10 cacodemons
  9 draconian shifters
  4 curse skulls
  5 deep elf elementalists
  2 ghouls (Crypt:2)
  8 draconian stormcallers
  40 reapers
  2 angels
  14 ironheart preservers
  4 spriggan defenders
  12 war gargoyles
  5 elemental wellsprings
  8 draconian annihilators
  43 stone giants
  A corrupter (Pan)
  3 entropy weavers
  10 vampire knights
  Nessos (Lair:5)
  3 blood saints (Pan)
  6 bennus
  2 juggernaut skeletons
  12 green draconians
  4 deep elf demonologists
  28 very ugly things
  9 deep elf annihilators
  6 dire elephants (Lair:6)
  A black sun (Pan)
  2 lorocyprocas (Pan)
  9 black draconians
  12 yellow draconians
  12 purple draconians
  12 spark wasps
  2 spark wasps (shapeshifter)
  10 red draconians
  11 white draconians
  4 merfolk javelineers
  21 ettins
  35 blizzard demons
  14 eidola
  11 deep elf death magi
  3 quicksilver dragon zombies
  Josephine (Lair:4)
  17 fire dragons
  3 crystal guardians
  10 jiangshi
  A kraken zombie (Coc:2)
  4 green deaths (Pan)
  2 merfolk impalers (Zig:17)
  A fire dragon (shapeshifter) (Depths:2)
  10 deep elf high priests
  10 death oozes
  Erolcha (Orc:2)
  27 ice dragons
  22 great orbs of eyes
  25 mummy priests
  A monstrous demonspawn (Pan)
  19 yaktaur captains
  A hydra (shapeshifter) (Depths:4)
  22 hydras
  Fannar (Orc:1)
  31 vault guards
  14 ogre magi
  3 quicksilver dragon skeletons
  2 juggernaut simulacra (Pan)
  2 merfolk avatars
  3 naga warriors
  14 rakshasas
  5 spriggan air magi
  A hell beast (Depths:2)
  7 ghost crabs
  5 centaur warriors
  3 anacondas
  4 death knights
  47 two-headed ogres
  A queen ant (shapeshifter) (Vaults:3)
  21 dancing weapons
  A death yak (Lair:5)
  65 death scarabs
  9 tengu warriors
  5 merfolk aquamancers
  5 alligator snapping turtles (Zig:18)
  20 hell hogs
  15 alligators
  10 deep troll shamans
  A naga sharpshooter (Zig:8)
  5 thrashing horrors
  12 deep troll earth magi
  5 spriggan berserkers
  12 vampire magi
  29 hell knights
  2 titan zombies
  Urug (D:12)
  30 sun demons
  3 storm dragon zombies
  Sonja (Lair:2)
  2 shock serpents
  11 orc high priests
  23 soul eaters
  8 iron golems
  24 deep elf knights
  11 sixfirhies (Pan)
  A fire crab (shapeshifter) (D:14)
  10 shadow wraiths
  63 skeletal warriors
  14 iron trolls
  Nergalle (Lair:3)
  4 titan skeletons
  2 fire crabs (Zig:16)
  6 wretched stars
  A spatial maelstrom (Abyss:3)
  13 unseen horrors
  4 gelid demonspawn
  6 sea snakes (Zig:17)
  4 infernal demonspawn (Pan)
  2 orange crystal statues
  A torturous demonspawn (Pan)
  2 golden dragon zombies
  13 anaconda zombies
  2 naga ritualists
  6 wizards
  5 swamp dragons
  3 spriggan druids
  5 shadow demons
  4 storm dragon skeletons
  4 ghost moth zombies
  A death drake (Tar:4)
  20 deep trolls
  A sea snake (shapeshifter) (Vaults:5)
  18 glowing orange brains
  2 spectral hydras (Swamp:4)
  11 ironbrand convokers
  9 shadow dragon zombies
  18 deep elf archers
  4 golden dragon skeletons
  10 flayed ghosts
  7 anaconda skeletons
  30 necromancers
  5 shambling mangroves
  A sphinx zombie (Vaults:4)
  6 harpies
  14 orc knights
  20 phantasmal warriors
  6 fire giant zombies
  2 mana vipers (Zig:8)
  6 shining eyes
  3 wolf spider zombies
  An orb spider (shapeshifter) (Vaults:5)
  13 orb spiders
  56 deep elf magi
  A wolf spider (shapeshifter) (D:15)
  A cyclops (shapeshifter) (Vaults:3)
  A worldbinder (Abyss:2)
  6 cyclopes
  42 wolf spiders
  A salamander (Depths:5)
  40 ugly things
  An oklob plant (Lair:1)
  3 fauns (Zig:17)
  3 shadow dragon skeletons
  12 orc sorcerers
  3 iron dragon zombies
  7 manticores
  A sphinx skeleton (Depths:1)
  2 shining eyes (shapeshifter)
  11 dire elephant zombies
  7 frost giant zombies
  The ghost of Execuda the Cleaver, a novice TeBe of Trog (D:5)
  9 frost giant skeletons
  24 moths of wrath
  2 stone giant skeletons
  6 fire giant skeletons
  5 stone giant zombies
  2 tengu skeletons
  Maurice (Orc:1)
  3 guardian serpents
  An apocalypse crab (Abyss:2)
  5 elephants
  5 ice statues (Pan)
  5 merfolk sirens (Zig:17)
  21 rust devils
  11 vault sentinels
  A naga mage (Zig:8)
  2 shock serpent zombies
  4 water nymphs (Zig:17)
  7 black mambas
  2 shock serpent skeletons
  6 titan simulacra (Coc:7)
  11 smoke demons
  3 iron dragon skeletons
  8 torpor snails
  An eye of devastation (shapeshifter) (Depths:2)
  5 storm dragon simulacra (Coc:7)
  14 eyes of devastation
  8 molten gargoyles (Geh:7)
  2 gargoyles
  20 spiny frogs
  26 hellions
  A spiny frog (shapeshifter) (Vaults:4)
  A torpor snail (shapeshifter) (Depths:3)
  9 orange demons
  2 emperor scorpion zombies
  4 dire elephant skeletons
  71 yaktaurs
  23 freezing wraiths
  A rime drake (Zig:14)
  24 demonic crawlers
  3 yaktaurs (shapeshifter)
  A swamp worm zombie (Swamp:4)
  3 anaconda simulacra
  5 komodo dragons
  A white draconian zombie (Crypt:1)
  31 tormentors
  A green draconian skeleton (Crypt:1)
  28 hellwings
  2 catoblepas skeletons
  8 efreet
  3 tengu conjurers (Depths:5)
  49 guardian mummies
  28 red devils
  21 hydra zombies
  2 ancient zymes (Abyss:2)
  23 ice devils
  3 wind drakes (Zig:17)
  34 jumping spiders
  3 jumping spiders (shapeshifter)
  A polar bear (shapeshifter) (Vaults:5)
  9 trolls
  3 harpy zombies
  A merfolk (shapeshifter) (Zig:3)
  4 human skeletons
  19 tyrant leeches
  24 hornets
  8 hydra skeletons
  3 harpy skeletons
  14 merfolk (Zig:17)
  A spectral swamp dragon (Swamp:4)
  A raiju (shapeshifter) (Abyss:2)
  25 blink frogs
  8 raiju
  115 slime creatures
  3 fire dragon zombies
  8 alligator zombies
  21 bog bodies
  7 dream sheep
  An iron dragon simulacrum (Depths:2)
  7 snapping turtles (Zig:17)
  13 hippogriffs
  A stone giant simulacrum (Coc:2)
  2 alligator skeletons
  2 black mamba zombies
  8 ettin zombies
  5 ice dragon zombies
  78 flying skulls
  5 air elementals
  63 redbacks
  29 shadows
  5 fire dragon skeletons
  10 ice dragon skeletons
  A yak (shapeshifter) (Depths:4)
  A spriggan (shapeshifter) (Depths:4)
  16 water elementals
  24 tarantellas
  A tarantella (shapeshifter) (Vaults:2)
  26 wraiths
  A vampire (Abyss:2)
  7 ynoxinuls
  5 spriggans
  7 wyverns
  A dire elephant simulacrum (Crypt:1)
  14 ushabtiu
  22 fire elementals
  48 yaks
  2 basilisks
  2 black mamba skeletons
  4 hungry ghosts
  8 hogs
  15 vampire mosquitoes
  11 ettin skeletons
  4 chaos spawn
  2 steam dragons
  An elf skeleton (Depths:1)
  11 neqoxecs
  8 golden eyes
  A naga (Zig:8)
  A spriggan simulacrum (Depths:1)
  A tengu zombie (Depths:1)
  23 insubstantial wisps
  17 water moccasins
  23 large abominations
  3 merfolk zombies
  3 acid dragons
  2 spiny frog zombies
  5 wargs
  3 floating eyes
  8 small abominations (Abyss:2)
  17 swamp worms
  50 hell hounds
  An infernal demonspawn zombie (Hell)
  An acid dragon (shapeshifter) (Vaults:5)
  A floating eye (shapeshifter) (Zig:4)
  A water moccasin (shapeshifter) (Vaults:5)
  4 hydra simulacra (Coc:7)
  A merfolk skeleton (Coc:5)
  12 phantoms
  2 spiny frog skeletons
  5 swamp drakes
  12 ice beasts
  7 porcupines
  2 black bears (shapeshifter)
  11 eyes of draining
  13 necrophages
  61 ogres
  46 orc warriors
  4 swamp dragon zombies
  7 boggarts
  An alligator simulacrum (Hell)
  An ettin simulacrum (Vaults:1)
  2 ice dragon simulacra (Crypt:1)
  6 sky beasts
  5 snapping turtle zombies
  8 snapping turtle skeletons
  3 manticore zombies
  9 centaurs
  4 manticore skeletons
  12 crocodiles
  2 swamp dragon skeletons (Coc:7)
  13 bullfrogs
  6 big kobolds
  A gnoll sergeant (D:6)
  4 earth elementals
  An elf zombie (D:7)
  A bullfrog (shapeshifter) (Vaults:5)
  A wyvern zombie (D:12)
  A deep troll simulacrum (Vaults:2)
  3 spiny frog simulacra
  6 wyvern skeletons (Crypt:3)
  4 scorpions
  A spriggan zombie (Geh:7)
  A warg zombie (Crypt:2)
  An elf simulacrum (Vaults:4)
  4 killer bees
  2 troll zombies
  A yak skeleton (Crypt:2)
  62 wights
  5 howler monkeys
  A polar bear skeleton (Crypt:1)
  8 electric eels
  2 spriggan skeletons
  14 crimson imps
  3 centaur zombies
  14 starcursed masses (Abyss:2)
  18 orc wizards
  3 quasits (Depths:3)
  A bullfrog zombie (D:5)
  3 human zombies
  7 hounds
  3 human simulacra
  6 jellies
  15 orc priests
  A bullfrog skeleton (D:11)
  3 centaur skeletons
  21 iron imps
  3 iguanas
  4 spectral swamp drakes (Swamp:4)
  13 worker ants
  A killer bee zombie (Crypt:2)
  2 ogre zombies
  An ogre skeleton (Geh:4)
  A hound zombie (D:9)
  56 mummies
  11 gnolls
  A howler monkey skeleton (Crypt:2)
  A swamp drake zombie (Swamp:4)
  9 adders
  11 shadow imps
  12 white imps
  An ufetubus (D:14)
  A lava snake zombie (Crypt:2)
  An adder skeleton (D:5)
  6 ball lightnings (Pan)
  A barachi zombie (Crypt:2)
  3 dart slugs
  5 leopard geckos
  121 orcs
  3 giant cockroaches
  5 goblins
  8 hobgoblins
  2 jackals (D:4)
  4 quokkas
  A ball python (D:3)
  6 bats
  2 frilled lizards (D:2)
  A hobgoblin zombie (Ossuary)
  21 kobolds
  A leopard gecko zombie (Crypt:1)
  An orc skeleton (D:7)
  3 orc zombies
  A quokka skeleton (D:5)
  9 rats
  50 blocks of ice
  2 crawling corpses (Elf:3)
  A demonic plant (WizLab)
  179 fire vortices
  2 fungi
  2 lurking horrors (Abyss:4)
  4 plants
  8 starspawn tentacles
  2 tentacles (Coc:2)
  4 withered plants
4823 creatures vanquished.

Vanquished Creatures (collateral kills)
  A shard shrike (Coc:4)
  Geryon (Hell)
  A Killer Klown (Zot:5)
  An iron giant (Dis:7)
  A bone dragon (Abyss:2)
  An Orb Guardian (Zot:5)
  A frost giant (Depths:2)
  A draconian knight (Zot:2)
  3 cacodemons
  An orc warlord (Orc:1)
  2 black draconians
  A dire elephant (Zig:14)
  A red draconian (Zot:4)
  A purple draconian (Depths:5)
  A mummy priest (Tomb:3)
  Harold (D:9)
  A monstrous demonspawn (Pan)
  A hydra (Lair:1)
  A two-headed ogre (D:9)
  An alligator (Swamp:4)
  A sixfirhy (Pan)
  3 cyclopes
  2 slime creatures
  3 elephants
  Joseph (D:9)
  A moth of wrath (Zot:2)
  A black mamba (Lair:2)
  2 komodo dragons
  A hornet (D:13)
  A tyrant leech (Swamp:4)
  4 hippogriffs
  8 blink frogs
  A flying skull (Zig:9)
  A shadow (Tar:7)
  A basilisk (D:14)
  2 wraiths
  3 yaks
  A human (D:8)
  Grum (D:9)
  A hog (D:8)
  A large abomination (Pan)
  A hungry ghost (D:10)
  A neqoxec (Pan)
  A swamp worm (Swamp:4)
  A small abomination (Abyss:2)
  2 wargs (Orc:1)
  2 water moccasins
  An ice beast (Coc:4)
  An ogre (D:8)
  7 orc warriors
  2 sky beasts
  2 wolves (D:9)
  A phantom (D:7)
  3 centaurs
  3 crocodiles
  A bullfrog (D:8)
  An elf skeleton (D:7)
  4 scorpions
  A wyvern skeleton (D:12)
  A wight (D:10)
  5 killer bees
  A centaur zombie (Ossuary)
  An orc priest (Orc:1)
  4 orc wizards
  3 human zombies
  3 big kobold zombies (Ossuary)
  8 mummies
  2 gnolls (D:8)
  4 scorpion zombies (Ossuary)
  A ball lightning (Pan)
  A leopard gecko (D:7)
  13 orcs
  A gnoll zombie (Ossuary)
  A goblin zombie (Ossuary)
  A kobold skeleton (Abyss:3)
  2 kobold zombies (Ossuary)
  An orc zombie (Ossuary)
151 creatures vanquished.

Vanquished Creatures (others)
  2 eldritch tentacles
  A balrug (Zig:19)
  A lorocyproca (Hell)
  A red draconian (Zot:4)
  3 death scarabs (Tomb:2)
  A skeletal warrior (Tomb:2)
  2 moths of wrath (Zot:5)
  A hellion (Geh:7)
  A swamp worm zombie (Swamp:4)
  A guardian mummy (Tomb:2)
  A wolf spider simulacrum (Tomb:2)
  A raiju (Abyss:2)
  4 flying skulls (Tomb:2)
  An ushabti (Tomb:2)
  A ynoxinul (Abyss:2)
  4 vampire mosquitoes (Swamp:2)
  An insubstantial wisp (Swamp:4)
  2 swamp worms (Swamp:3)
  A swamp dragon zombie (Swamp:4)
  A small abomination (Abyss:4)
  A scorpion (Ossuary)
  4 wights (Geh:2)
  3 crimson imps
  4 ball lightnings (Pan)
  A gnoll zombie (Ossuary)
  155 blocks of ice
  A bush (Lair:6)
  3 demonic plants (WizLab)
  652 fire vortices
  16 fungi
  2 lurking horrors
  53 plants
  10 starspawn tentacles
  6 tentacles (Coc:2)
942 creatures vanquished.

Grand Total: 5916 creatures vanquished

Notes
Turn   | Place    | Note
-------+----------+-------------------------------------------
     0 | D:1      | Sphara the Deep Elf Ice Elementalist began the quest for the Orb.
     0 | D:1      | Reached XP level 1. HP: 10/10 MP: 6/6
   112 | D:1      | You fall through a shaft!
   142 | D:2      | Reached XP level 2. HP: 16/16 MP: 5/8
   151 | D:2      | Learned a level 2 spell: Throw Frost
   378 | D:1      | Reached skill level 1 in Fighting
   561 | D:1      | Reached XP level 3. HP: 15/20 MP: 3/9
  1129 | D:2      | Found a blossoming altar of Fedhas.
  1499 | D:3      | Reached XP level 4. HP: 25/25 MP: 7/11
  1739 | D:3      | Found an iron altar of Okawaru.
  1858 | D:4      | Reached XP level 5. HP: 30/30 MP: 1/12
  1894 | D:4      | Noticed an ogre
  1964 | D:4      | Killed an ogre
  1964 | D:4      | Reached skill level 4 in Spellcasting
  1964 | D:4      | Reached skill level 5 in Ice Magic
  2065 | D:3      | Learned a level 4 spell: Throw Icicle
  2070 | D:3      | Learned a level 4 spell: Summon Ice Beast
  2237 | D:4      | Reached XP level 6. HP: 26/35 MP: 10/14
  2332 | D:4      | Found a blossoming altar of Fedhas.
  2333 | D:4      | Found a radiant altar of Vehumet.
  2334 | D:4      | Found a glowing golden altar of the Shining One.
  3041 | D:5      | Entered Level 5 of the Dungeon
  3252 | D:5      | Found a runed gate.
  3258 | D:5      | Found a runed gate.
  3258 | D:5      | Found a runed gate.
  3259 | D:5      | Noticed Execuda's ghost (novice TeBe)
  3411 | D:5      | FUCK YOU
  3734 | D:5      | Reached skill level 5 in Spellcasting
  3759 | D:5      | Found a sacrificial altar of Ru.
  3892 | D:5      | Found a roughly hewn altar of Beogh.
  3916 | D:6      | Found a snail-covered altar of Cheibriados.
  4192 | D:6      | Reached XP level 7. HP: 40/40 MP: 9/16
  4604 | D:6      | Got a translucent hunting sling
  4613 | D:6      | Reached skill level 6 in Spellcasting
  4622 | D:6      | Found an ancient bone altar of Kikubaaqudgha.
  5007 | D:6      | Got a wizard robe
  5025 | D:6      | Reached XP level 8. HP: 44/44 MP: 11/19
  5212 | D:6      | Reached skill level 5 in Conjurations
  5228 | D:6      | Reached skill level 5 in Dodging
  5295 | D:6      | Found a deep blue altar of Sif Muna.
  5303 | D:6      | Became a worshipper of Sif Muna the Loreminder
  5590 | D:7      | Reached skill level 1 in Invocations
  5630 | D:7      | Identified the +4 robe of Zin's Approval {rN+} (You found it on level 6 of the Dungeon)
  5657 | D:7      | Noticed a hippogriff
  5675 | D:7      | Killed a hippogriff
  5840 | D:7      | Found a sand-covered staircase.
  5896 | D:7      | Reached skill level 1 in Summonings
  6083 | Ossuary  | Entered an ossuary
  6279 | Ossuary  | Reached * piety under Sif Muna
  6966 | Ossuary  | Identified the +6 hunting sling of the Empty Page {flame, +Fly rN+} (You found it on level 6 of the Dungeon)
  7135 | D:7      | Found a sparkling altar of Nemelex Xobeh.
  7345 | D:7      | Reached XP level 9. HP: 43/49 MP: 7/20
  7426 | D:7      | Learned a level 3 spell: Ozocubu's Armour
  7508 | D:7      | Found a staircase to the Ecumenical Temple.
  7602 | D:7      | Found a hide-covered altar of Uskayaw.
  8580 | D:8      | Got a scorched chain mail
  8594 | D:8      | Reached ** piety under Sif Muna
  8594 | D:8      | Reached skill level 7 in Spellcasting
  8633 | D:8      | Found Rurops's Food Boutique.
  8635 | D:8      | Found Waxkiycyg's Weapon Shop.
  8911 | D:8      | Found a white marble altar of Elyvilon.
  9003 | D:8      | Reached skill level 5 in Summonings
  9368 | D:9      | Reached skill level 8 in Spellcasting
  9523 | D:9      | Noticed a cyclops
  9650 | D:9      | Reached XP level 10. HP: 57/57 MP: 12/24
  9682 | D:9      | Noticed Harold
  9720 | D:9      | Killed Harold
  9771 | D:9      | Noticed Grum
  9786 | D:9      | Killed Grum
  9789 | D:9      | Noticed Joseph
  9804 | D:9      | Reached skill level 5 in Fighting
 10371 | D:9      | Killed Joseph
 10648 | D:9      | Noticed a two-headed ogre
 10675 | D:9      | Killed a two-headed ogre
 10675 | D:9      | Reached *** piety under Sif Muna
 10675 | D:9      | Reached skill level 9 in Spellcasting
 10887 | D:9      | Killed a cyclops
 11352 | D:10     | Entered Level 10 of the Dungeon
 11933 | D:10     | Noticed a cyclops
 11942 | D:10     | Killed a cyclops
 11942 | D:10     | Reached skill level 10 in Spellcasting
 11960 | D:10     | Found a staircase to the Lair.
 12379 | Lair:1   | Entered Level 1 of the Lair of Beasts
 12417 | Lair:1   | Reached XP level 11. HP: 39/64 MP: 19/27
 12698 | Lair:1   | Noticed a six-headed hydra
 12708 | Lair:1   | Killed a six-headed hydra
 13014 | Lair:1   | Reached skill level 10 in Ice Magic
 13020 | Lair:1   | Reached **** piety under Sif Muna
 13250 | Lair:1   | Noticed an oklob plant
 13549 | Lair:2   | Noticed Sonja
 13844 | Lair:2   | Killed Sonja
 13844 | Lair:2   | Reached skill level 1 in Evocations
 15524 | Lair:3   | Reached skill level 5 in Evocations
 15706 | Lair:3   | Found a hole to the Spider Nest.
 15725 | Lair:3   | Noticed Nergalle
 15732 | Lair:3   | Killed Nergalle
 16123 | Lair:3   | Reached XP level 12. HP: 66/72 MP: 23/28
 16195 | Lair:3   | Reached skill level 10 in Conjurations
 16361 | Lair:3   | Found a staircase to the Swamp.
 16969 | Lair:4   | Noticed a six-headed hydra
 16973 | Lair:4   | Killed a six-headed hydra
 16973 | Lair:4   | Reached ***** piety under Sif Muna
 17696 | Lair:4   | Identified Lee's Handbook of Battle Magic (Sif Muna gifted it to you on level 4 of the Lair of Beasts)
 17696 | Lair:4   | Received a gift from Sif Muna
 17831 | Lair:4   | Learned a level 2 spell: Passwall
 17837 | Lair:4   | Learned a level 5 spell: Lee's Rapid Deconstruction
 17841 | Lair:4   | Learned a level 3 spell: Stone Arrow
 17990 | Lair:4   | Noticed Josephine
 17996 | Lair:4   | Killed Josephine
 17996 | Lair:4   | Reached skill level 1 in Earth Magic
 18831 | Lair:5   | Noticed a death yak
 19079 | Lair:5   | Noticed Nessos
 19230 | Lair:6   | Entered Level 6 of the Lair of Beasts
 20455 | D:11     | Reached skill level 5 in Earth Magic
 20982 | D:12     | Noticed Urug
 21430 | D:12     | Reached XP level 13. HP: 74/76 MP: 11/29
 21897 | D:12     | Identified Sif Muna's Reference Book on Lethal Dislocation (Sif Muna gifted it to you on level 12 of the Dungeon)
 21897 | D:12     | Received a gift from Sif Muna
 21903 | D:12     | Learned a level 3 spell: Regeneration
 22333 | D:12     | Reached skill level 1 in Charms
 22334 | D:12     | Reached skill level 1 in Necromancy
 22546 | D:12     | Found Nibydd's Food Shop.
 22830 | D:12     | Found a staircase to the Orcish Mines.
 22916 | D:8      | Bought the +8 trident of Duty {pain, Int+6} for 956 gold pieces
 22920 | D:8      | Learned a level 2 spell: Sublimation of Blood
 23143 | D:12     | Killed Urug
 23683 | D:13     | Paralysed by a hornet for 3 turns
 24620 | D:13     | Found a roughly hewn altar of Beogh.
 25169 | D:14     | Found a shimmering altar of Xom.
 25169 | D:14     | Found a shimmering altar of Xom.
 25169 | D:14     | Found a shimmering altar of Xom.
 25170 | D:14     | Found a shimmering altar of Xom.
 25170 | D:14     | Found a shimmering altar of Xom.
 25171 | D:14     | Found a shimmering altar of Xom.
 25172 | D:14     | Found a shimmering altar of Xom.
 25172 | D:14     | Found a shimmering altar of Xom.
 25582 | D:14     | Noticed Roxanne
 25899 | D:14     | Reached skill level 5 in Invocations
 25939 | D:14     | Reached skill level 5 in Necromancy
 26262 | D:14     | Found a sacrificial altar of Ru.
 26283 | D:14     | Got a crude helmet
 26290 | D:14     | Identified the +0 helmet "Zitulafro" {rF+} (You found it on level 14 of the Dungeon)
 26806 | D:14     | Noticed a fire dragon
 26831 | D:14     | Killed a fire dragon
 28015 | Lair:6   | Identified Sif Muna's Catalogue of Companions and the Snowflakes (Sif Muna gifted it to you on level 6 of the Lair of Beasts)
 28015 | Lair:6   | Received a gift from Sif Muna
 28267 | Orc:1    | Entered Level 1 of the Orcish Mines
 28663 | Orc:1    | Noticed Fannar
 28879 | Orc:1    | Killed Fannar
 28925 | Orc:2    | Entered Level 2 of the Orcish Mines
 28968 | Orc:2    | Noticed Rupert
 29110 | Orc:1    | Noticed an orc warlord
 29150 | Orc:1    | Reached XP level 14. HP: 71/82 MP: 7/30
 29155 | Orc:1    | Killed an orc warlord
 29155 | Orc:1    | Reached skill level 11 in Spellcasting
 29446 | Orc:2    | Noticed Maurice
 29560 | Orc:1    | Killed Maurice
 29616 | Orc:2    | Noticed Donald
 29835 | D:14     | Found a gate to the Vaults.
 29898 | D:15     | Entered Level 15 of the Dungeon
 30039 | D:15     | Reached skill level 12 in Spellcasting
 30202 | D:15     | Learned a level 6 spell: Bolt of Cold
 30429 | D:15     | Found a glowing golden altar of the Shining One.
 30689 | Lair:5   | Killed Nessos
 31806 | Lair:6   | Reached skill level 13 in Spellcasting
 31947 | Lair:6   | Identified Sif Muna's Guide on Glacial Air (Sif Muna gifted it to you on level 6 of the Lair of Beasts)
 31947 | Lair:6   | Received a gift from Sif Muna
 31998 | Lair:6   | Found a viscous altar of Jiyva.
 31999 | Lair:6   | Found a staircase to the Slime Pits.
 33319 | Orc:2    | Killed Donald
 33592 | Orc:2    | Noticed Erolcha
 33599 | Orc:2    | Killed Erolcha
 33749 | Orc:2    | Killed Rupert
 33910 | Orc:2    | Found a staircase to the Elven Halls.
 33933 | Orc:2    | Found Ihextusaty's Gadget Shop.
 33983 | Orc:2    | Reached XP level 15. HP: 88/88 MP: 21/34
 34025 | Orc:2    | Received a gift from Sif Muna
 34047 | Orc:2    | Learned a level 5 spell: Borgnjor's Vile Clutch
 34294 | Orc:2    | Found Tudy's Weapon Boutique.
 34294 | Orc:2    | Found Luinu's General Store.
 34295 | Orc:2    | Found Qutt's Weapon Shoppe.
 34295 | Orc:2    | Found Diphibb's Antique Armour Shop.
 34304 | Orc:2    | Reached skill level 10 in Earth Magic
 34345 | Orc:2    | Bought a transparent robe for 153 gold pieces
 34345 | Orc:2    | Bought a pair of ancient boots for 256 gold pieces
 34345 | Orc:2    | Bought a heavily jewelled robe for 153 gold pieces
 34350 | Orc:2    | Identified the +0 pair of boots of Sifuirhehudd {*Slow rElec MR+} (You bought it in a shop on level 2 of the Orcish Mines)
 34367 | Orc:2    | Bought 2 potions of brilliance for 112 gold pieces
 34367 | Orc:2    | Bought a +0 buckler for 63 gold pieces
 34367 | Orc:2    | Bought a potion of ambrosia for 112 gold pieces
 34779 | Swamp:1  | Entered Level 1 of the Swamp
 34783 | Swamp:1  | Noticed a thorn hunter
 34789 | Swamp:1  | Killed a thorn hunter
 35307 | Swamp:1  | Reached skill level 1 in Shields
 35728 | Swamp:1  | Got a bound jade amulet
 35744 | Swamp:1  | Identified the amulet of the Fool {RegenMP rElec rC+} (You found it on level 1 of the Swamp)
 36123 | Swamp:2  | Noticed a thorn hunter
 36128 | Swamp:2  | Killed a thorn hunter
 36394 | Swamp:2  | Noticed Nikola
 36421 | Swamp:2  | Killed Nikola
 36446 | Swamp:2  | Got a pair of warped gloves
 36466 | Swamp:2  | Identified the cursed +0 pair of gloves "Naynexki" {+Blink Str-5 Int+4} (You took it off Nikola on level 2 of the Swamp)
 36466 | Swamp:2  | Lost strength.
 36593 | Swamp:2  | Got an ichor-stained rapier
 36632 | Swamp:2  | Identified the +5 rapier of Dust {pierce, rElec rF+ SInv} (You found it on level 2 of the Swamp)
 36643 | Swamp:2  | Identified the +4 robe "Nirox" {*Drain rC+ Regen+ Dex+7} (You bought it in a shop on level 2 of the Orcish Mines)
 36991 | Swamp:3  | Reached XP level 16. HP: 75/96 MP: 4/35
 37677 | Swamp:3  | Found a runed door.
 37677 | Swamp:3  | Noticed Uhuan's ghost (adept MiBe)
 37695 | Swamp:3  | Reached skill level 14 in Spellcasting
 38122 | Swamp:4  | Entered Level 4 of the Swamp
 38128 | Swamp:4  | Reached skill level 1 in Transmutations
 38706 | Spider:1 | Entered Level 1 of the Spider Nest
 39131 | Spider:1 | Reached skill level 10 in Dodging
 39199 | Spider:1 | Received a gift from Sif Muna
 39555 | Spider:2 | Noticed Kirke
 39687 | Spider:2 | Noticed Arachne
 39692 | Spider:2 | Killed Arachne
 39733 | Spider:2 | Noticed Frances
 39742 | Spider:2 | Killed Frances
 40285 | Spider:2 | Killed Kirke
 40693 | Spider:3 | Reached XP level 17. HP: 100/100 MP: 25/37
 41083 | Spider:4 | Entered Level 4 of the Spider Nest
 41102 | Spider:3 | Identified Piesy's Grimoire of Entrancing Stones (Sif Muna gifted it to you on level 3 of the Spider Nest)
 41102 | Spider:3 | Received a gift from Sif Muna
 41132 | Spider:3 | Reached skill level 15 in Ice Magic
 41422 | Orc:2    | Learned a level 6 spell: Ozocubu's Refrigeration
 41682 | D:5      | Killed Execuda's ghost
 41910 | D:14     | Killed Roxanne
 41924 | D:14     | Learned a level 6 spell: Statue Form
 42786 | Swamp:4  | Noticed a bone dragon
 42837 | Swamp:3  | Killed a bone dragon
 42856 | Swamp:4  | Reached skill level 5 in Transmutations
 42915 | Swamp:4  | Got a decaying rune of Zot
 42940 | Swamp:4  | Identified the +1 robe of the Unbroken {Slay+2} (You bought it in a shop on level 2 of the Orcish Mines)
 42993 | Swamp:4  | Reached skill level 15 in Spellcasting
 43734 | Spider:4 | Received a gift from Sif Muna
 43793 | Spider:4 | Learned a level 2 spell: Blink
 44024 | Spider:4 | Reached skill level 1 in Translocations
 44704 | Spider:4 | Got a gossamer rune of Zot
 44945 | Lair:1   | Identified Magic, Part Two
 45131 | Elf:1    | Entered Level 1 of the Elven Halls
 45221 | Elf:1    | Reached skill level 16 in Spellcasting
 45611 | Elf:1    | Reached XP level 18. HP: 104/105 MP: 4/40
 45618 | Elf:1    | Identified Sif Muna's Catalogue of Floating Clay (Sif Muna gifted it to you on level 1 of the Elven Halls)
 45618 | Elf:1    | Received a gift from Sif Muna
 45753 | Elf:1    | Learned a level 1 spell: Apportation
 45891 | Elf:1    | Found Nopruihe's Jewellery Shoppe.
 46059 | Elf:2    | Found Sutet's General Store.
 46063 | Elf:2    | Found Jamae's Antique Weapon Boutique.
 46068 | Elf:2    | Bought a potion of brilliance for 72 gold pieces
 46107 | Elf:2    | Reached skill level 5 in Translocations
 46296 | Elf:2    | Found Akuheg's Armour Emporium.
 46360 | Elf:2    | Found Lykeg's Weapon Shoppe.
 46393 | Elf:2    | Found a huge runed gate.
 46393 | Elf:2    | Found a huge runed gate.
 46393 | Elf:2    | Found a huge runed gate.
 46393 | Elf:2    | Found a huge runed gate.
 46397 | Elf:2    | Found a huge runed gate.
 46503 | Elf:3    | Entered Level 3 of the Elven Halls
 47015 | Elf:3    | Identified Sif Muna's Grimoire of Destructive Unholy Rites (Sif Muna gifted it to you on level 3 of the Elven Halls)
 47015 | Elf:3    | Received a gift from Sif Muna
 47154 | Elf:3    | Found a radiant altar of Vehumet.
 47208 | Elf:3    | Reached skill level 17 in Spellcasting
 47528 | Elf:3    | Learned a level 1 spell: Summon Butterflies
 47633 | Elf:3    | Reached skill level 10 in Necromancy
 48041 | Elf:3    | Reached skill level 10 in Fighting
 48115 | Elf:3    | Got a bound bone ring
 48269 | Elf:3    | Reached XP level 19. HP: 112/112 MP: 14/42
 48375 | Elf:3    | Got a bound jade ring
 48377 | Elf:3    | Identified the ring of Leaves {+Fly rF+} (You took it off a deep elf knight on level 3 of the Elven Halls)
 48380 | Elf:3    | Identified the ring of Odel {Fire rN++ Int+3} (You took it off a deep elf blademaster on level 3 of the Elven Halls)
 48436 | Elf:3    | Got a wavering bone ring
 48438 | Elf:3    | Identified the ring of Midnight {rPois Str+4} (You took it off a deep elf blademaster on level 3 of the Elven Halls)
 49058 | Vaults:1 | Entered Level 1 of the Vaults
 49141 | Vaults:1 | Reached skill level 15 in Earth Magic
 49155 | Vaults:1 | Received a gift from Sif Muna
 49176 | Vaults:1 | Learned a level 5 spell: Fireball
 49313 | Vaults:1 | Got a bloodstained helmet
 49327 | Vaults:1 | Identified the cursed +0 helmet of Starshine {MR+} (You found it on level 1 of the Vaults)
 49351 | Vaults:1 | Reached skill level 1 in Fire Magic
 49855 | Vaults:1 | Reached skill level 5 in Fire Magic
 50249 | Vaults:1 | Found a portal to a secret trove of treasure.
 50534 | Elf:1    | Bought an uncursed ring of resist corrosion for 320 gold pieces
 50844 | Slime:1  | Entered Level 1 of the Pits of Slime
 51092 | Slime:2  | Gained mutation: Armour fits poorly on your strangely shaped body. [a shining eye]
 51155 | Slime:2  | Gained mutation: You are weak. (Str -2) [a shining eye]
 51155 | Slime:2  | Gained mutation: Your body sometimes deteriorates upon taking damage. [a shining eye]
 51255 | Slime:3  | Noticed Dissolution
 51328 | Slime:2  | Reached XP level 20. HP: 88/122 MP: 16/43
 51424 | Slime:3  | Killed Dissolution
 51424 | Slime:3  | Identified Sif Muna's Catalogue of Earth and Flight (Sif Muna gifted it to you on level 3 of the Pits of Slime)
 51424 | Slime:3  | Received a gift from Sif Muna
 51690 | Slime:4  | Reached ****** piety under Sif Muna
 51696 | Slime:4  | Reached skill level 10 in Fire Magic
 51937 | Slime:4  | Reached skill level 15 in Conjurations
 52221 | Slime:5  | Entered Level 5 of the Pits of Slime
 52577 | Slime:5  | Received a gift from Sif Muna
 52577 | Slime:5  | Noticed the Royal Jelly
 52883 | Slime:5  | Gained mutation: Scrolls take you a little longer to read. [a shining eye]
 52974 | Slime:5  | Lost mutation: Your body sometimes deteriorates upon taking damage. [potion of mutation]
 52974 | Slime:5  | Lost mutation: Armour fits poorly on your strangely shaped body. [potion of mutation]
 52974 | Slime:5  | Gained mutation: Your spells are a little harder to cast, but a little more powerful. [potion of mutation]
 52974 | Slime:5  | Gained mutation: You can translocate small distances at will. [potion of mutation]
 52974 | Slime:5  | Gained mutation: Armour fits poorly on your strangely shaped body. [potion of mutation]
 52974 | Slime:5  | Gained mutation: You are resistant to hostile enchantments. (MR+) [potion of mutation]
 52976 | Slime:5  | Lost mutation: Armour fits poorly on your strangely shaped body. [potion of mutation]
 52976 | Slime:5  | Lost mutation: Scrolls take you a little longer to read. [potion of mutation]
 52976 | Slime:5  | Gained mutation: You do not regenerate when monsters are visible. [potion of mutation]
 52976 | Slime:5  | Gained mutation: You possess an exceptional clarity of mind. [potion of mutation]
 52977 | Slime:5  | Lost mutation: You are weak. (Str -2) [potion of mutation]
 52977 | Slime:5  | Lost mutation: Your spells are a little harder to cast, but a little more powerful. [potion of mutation]
 52977 | Slime:5  | Lost mutation: You possess an exceptional clarity of mind. [potion of mutation]
 52977 | Slime:5  | Gained mutation: You are frail. (-10% HP) [potion of mutation]
 52977 | Slime:5  | Lost mutation: You are resistant to hostile enchantments. (MR+) [potion of mutation]
 52977 | Slime:5  | Gained mutation: You are partially covered in thin metallic scales. (AC +2) [potion of mutation]
 52977 | Slime:5  | Gained mutation: Your mind is acute. (Int +2) [potion of mutation]
 52978 | Slime:5  | Lost mutation: You are frail. (-10% HP) [potion of mutation]
 52978 | Slime:5  | Lost mutation: Your mind is acute. (Int +2) [potion of mutation]
 52978 | Slime:5  | Lost mutation: You do not regenerate when monsters are visible. [potion of mutation]
 52978 | Slime:5  | Lost mutation: You are partially covered in thin metallic scales. (AC +2) [potion of mutation]
 52978 | Slime:5  | Gained mutation: You are robust. (+10% HP) [potion of mutation]
 53060 | Slime:5  | Found a viscous altar of Jiyva.
 53181 | Slime:5  | Killed the Royal Jelly
 53411 | Slime:5  | Got a slimy lapis lazuli ring
 53494 | Slime:5  | Identified the ring "Hoawkum" {EV+2 Dex+6} (You found it on level 5 of the Pits of Slime)
 53520 | Slime:5  | Got a slimy rune of Zot
 53569 | Slime:5  | Got a crude robe
 54011 | Vaults:1 | You showed the slimy rune of Zot to enter a treasure trove
 54012 | Trove    | Entered a treasure trove
 54016 | Trove    | Found the +18 shield of the Gong {rElec rN+ MR+ EV-5}
 54074 | Trove    | Got a twisted buckler
 54085 | Trove    | Identified the +2 buckler of the Moon {MR+ Regen+ Stlth+} (You found it in a treasure trove)
 54097 | Trove    | Got a pair of spiked boots
 54108 | Trove    | Identified the +1 pair of boots of Xom's Indignation {rPois Stlth+} (You found it in a treasure trove)
 54110 | Trove    | Got a transparent ring mail
 54113 | Trove    | Got a warped crystal plate armour
 54613 | Vaults:2 | Found Sauffexe's Food Shop.
 54974 | Vaults:2 | Identified Sif Muna's Papyrus of Dislocation and Conjuration (Sif Muna gifted it to you on level 2 of the Vaults)
 54974 | Vaults:2 | Received a gift from Sif Muna
 54984 | Vaults:2 | Learned a level 5 spell: Aura of Abjuration
 55018 | Vaults:2 | Reached XP level 21. HP: 122/140 MP: 17/44
 55369 | Vaults:2 | Identified the +2 robe "Moiwk" {MR+} (You found it on level 5 of the Pits of Slime)
 55734 | Vaults:3 | Noticed Sojobo
 55914 | Vaults:3 | Found a magical portal.
 55925 | WizLab   | Entered Lehudib's Moon Base
 55926 | WizLab   | la di da
 56453 | WizLab   | Reached skill level 5 in Charms
 56523 | WizLab   | Identified the +4 ring mail "Weradd" {rPois Dex+4} (You found it in a treasure trove)
 56593 | WizLab   | Received a gift from Sif Muna
 56721 | WizLab   | Gained mutation: Scrolls take you a little longer to read. [a neqoxec]
 56968 | WizLab   | Found a transporter.
 57049 | WizLab   | Found a transporter.
 57284 | WizLab   | Got a pair of twisted gloves
 57295 | WizLab   | Identified the +1 pair of gloves of Wijoras {Slay+3} (You found it in a wizard's laboratory)
 57985 | Vaults:3 | Found a staircase to the Crypt.
 58260 | Vaults:3 | Reached skill level 1 in Armour
 58432 | Vaults:3 | Reached skill level 18 in Spellcasting
 58932 | Vaults:3 | Identified Sif Muna's Compendium of Supportive Combat Magic (Sif Muna gifted it to you on level 3 of the Vaults)
 58932 | Vaults:3 | Received a gift from Sif Muna
 59365 | Vaults:4 | Reached XP level 22. HP: 146/146 MP: 40/46
 59768 | Vaults:4 | Killed Sojobo
 59826 | Vaults:4 | Reached skill level 19 in Spellcasting
 59971 | Vaults:4 | Found Beukhanli's General Store.
 59993 | Vaults:4 | Bought 2 potions of agility for 136 gold pieces
 59993 | Vaults:4 | Bought a scroll of teleportation for 51 gold pieces
 59993 | Vaults:4 | Bought a potion of heal wounds for 85 gold pieces
 60513 | Vaults:4 | Lost mutation: You are robust. (+10% HP) [potion of mutation]
 60513 | Vaults:4 | Lost mutation: Scrolls take you a little longer to read. [potion of mutation]
 60513 | Vaults:4 | Gained mutation: You are robust. (+10% HP) [potion of mutation]
 60513 | Vaults:4 | Gained mutation: You are partially covered in yellow scales. (AC +2) [potion of mutation]
 60566 | Crypt:1  | Entered Level 1 of the Crypt
 60663 | Vaults:3 | Identified Sif Muna's Grimoire of Unholy Companions (Sif Muna gifted it to you on level 3 of the Vaults)
 60663 | Vaults:3 | Received a gift from Sif Muna
 61955 | Crypt:2  | Noticed Bai Suzhen
 61964 | Crypt:2  | Killed Bai Suzhen
 62080 | Crypt:2  | Reached skill level 20 in Spellcasting
 62601 | Crypt:2  | Found a runed door.
 62601 | Crypt:2  | Found a shimmering altar of Xom.
 62601 | Crypt:2  | Noticed Sphara's ghost (veteran DEIE)
 62915 | Crypt:3  | Entered Level 3 of the Crypt
 63069 | Crypt:3  | Identified Sif Muna's Collected Works on Shape Shifting and Envenoming (Sif Muna gifted it to you on level 3 of the Crypt)
 63069 | Crypt:3  | Received a gift from Sif Muna
 63507 | Crypt:3  | Found a staircase to the Tomb.
 63608 | Crypt:3  | Found an ancient bone altar of Kikubaaqudgha.
 63786 | Crypt:3  | Reached XP level 23. HP: 151/151 MP: 39/49
 64167 | Crypt:3  | Got a bound marble ring
 64232 | Crypt:3  | Got a fine wooden ring
 64240 | Crypt:3  | Identified the ring of Nizeg {rN+ Int+2} (You took it off a necromancer on level 3 of the Crypt)
 64243 | Crypt:3  | Identified the ring of Vanity {+Fly rC+++ rN+ Dex-2 SInv} (You took it off a necromancer on level 3 of the Crypt)
 64264 | Crypt:3  | Noticed an ancient lich
 64278 | Crypt:3  | Killed an ancient lich
 64278 | Crypt:3  | Received a gift from Sif Muna
 64314 | Crypt:3  | Reached skill level 21 in Spellcasting
 64329 | Crypt:3  | Identified the Handbook of Venom
 64340 | Crypt:3  | Got a scintillating wooden ring
 64342 | Crypt:3  | Identified the ring "Anamp" {rPois rN+ MP+9 Int-3 Stlth+} (You took it off a necromancer on level 3 of the Crypt)
 65057 | Vaults:5 | Entered Level 5 of the Vaults
 65420 | Vaults:5 | Reached skill level 15 in Fire Magic
 65472 | Vaults:5 | Identified Sif Muna's Grimoire of Unholy Rituals and Flames (Sif Muna gifted it to you on level 5 of the Vaults)
 65472 | Vaults:5 | Received a gift from Sif Muna
 65745 | Vaults:5 | Identified a scroll of acquirement
 65758 | Vaults:5 | Identified Sif Muna's Incunabulum of Talismans
 65882 | Vaults:5 | Identified Sif Muna's Disquisition on Arcane Weapons and the Entourage (Sif Muna gifted it to you on level 5 of the Vaults)
 65882 | Vaults:5 | Received a gift from Sif Muna
 65964 | Vaults:5 | Reached XP level 24. HP: 146/158 MP: 19/50
 66079 | Vaults:5 | Got a silver rune of Zot
 66302 | Vaults:5 | Identified the Catalogue of Lucky Black Rituals
 66750 | Vaults:5 | Reached skill level 22 in Spellcasting
 66799 | Vaults:5 | Identified Yphilamn's Reference Book on Helpful Enchantment
 66804 | Vaults:5 | Identified the cursed -3 helmet of Autotheism {rC+} (You found it on level 5 of the Vaults)
 66816 | Vaults:5 | Identified Advanced Secret Knowledge
 66823 | Vaults:5 | Identified the +0 cloak of the Swamp {Dex+2} (You found it on level 5 of the Vaults)
 66830 | Vaults:5 | Identified Ruas's Guide on the Birds and Snow
 67481 | D:15     | Noticed Louise
 67490 | D:15     | Killed Louise
 67577 | D:15     | Learned a level 9 spell: Fire Storm
 67586 | D:15     | Learned a level 8 spell: Ignition
 67631 | D:15     | Found a staircase to the Depths.
 67632 | D:15     | Received a gift from Sif Muna
 68098 | Depths:1 | Entered Level 1 of the Depths
 68922 | Depths:1 | Received a gift from Sif Muna
 69225 | Depths:1 | Found a gateway to Hell.
 69476 | Depths:1 | Found a one-way gate leading to the halls of Pandemonium.
 69964 | Depths:2 | Found a gateway to a ziggurat.
 69977 | Depths:2 | Reached XP level 25. HP: 162/162 MP: 43/51
 70140 | Depths:2 | Received a gift from Sif Muna
 70198 | Zig:1    | Entered Level 1 of a ziggurat
 70243 | Zig:2    | Entered Level 2 of a ziggurat
 70272 | Zig:3    | Entered Level 3 of a ziggurat
 70300 | Zig:4    | Entered Level 4 of a ziggurat
 70336 | Zig:5    | Entered Level 5 of a ziggurat
 70337 | Zig:5    | Noticed an ancient lich
 70341 | Zig:5    | Killed an ancient lich
 70381 | Zig:6    | Entered Level 6 of a ziggurat
 70383 | Zig:6    | Noticed a greater mummy
 70387 | Zig:6    | Killed a greater mummy
 70404 | Zig:6    | Reached XP level 26. HP: 169/169 MP: 33/51
 70427 | Zig:7    | Entered Level 7 of a ziggurat
 70430 | Zig:7    | Noticed Weucridd the pandemonium lord
 70432 | Zig:7    | Received a gift from Sif Muna
 70432 | Zig:7    | Reached skill level 23 in Spellcasting
 70432 | Zig:7    | Killed Weucridd the pandemonium lord
 70461 | Zig:8    | Entered Level 8 of a ziggurat
 70466 | Zig:8    | Reached skill level 24 in Spellcasting
 70493 | Zig:8    | Identified the Guide on Dark Translocation
 70499 | Zig:9    | Entered Level 9 of a ziggurat
 70504 | Zig:9    | Noticed a greater mummy
 70508 | Zig:9    | Noticed a greater mummy
 70508 | Zig:9    | Noticed a greater mummy
 70510 | Zig:9    | Killed a greater mummy
 70510 | Zig:9    | Reached skill level 25 in Spellcasting
 70510 | Zig:9    | Received a gift from Sif Muna
 70511 | Zig:9    | Killed a greater mummy
 70511 | Zig:9    | Killed a greater mummy
 70559 | Zig:10   | Entered Level 10 of a ziggurat
 70567 | Zig:10   | Reached skill level 26 in Spellcasting
 70615 | Zig:11   | Entered Level 11 of a ziggurat
 70658 | Zig:11   | Reached XP level 27. HP: 159/174 MP: 26/55
 70662 | Zig:11   | Identified the +1 leather armour of Wuoz {+Fly rC- Regen+ Int+2} (You found it on level 11 of a ziggurat)
 70675 | Zig:11   | Identified the +0 pair of gloves of Immorality {rPois rC+} (You found it on level 11 of a ziggurat)
 70706 | Zig:12   | Entered Level 12 of a ziggurat
 70713 | Zig:12   | Noticed an ancient lich
 70714 | Zig:12   | Noticed an ancient lich
 70716 | Zig:12   | Reached skill level 10 in Invocations
 70716 | Zig:12   | Received a gift from Sif Muna
 70717 | Zig:12   | Killed an ancient lich
 70717 | Zig:12   | Killed an ancient lich
 70772 | Zig:13   | Entered Level 13 of a ziggurat
 70779 | Zig:13   | Noticed a juggernaut
 70784 | Zig:13   | Noticed a juggernaut
 70790 | Zig:13   | Killed a juggernaut
 70803 | Zig:13   | Killed a juggernaut
 70831 | Zig:13   | Identified the -3 cloak of Inference {rElec rN+ Str+5 Dex-3} (You found it on level 13 of a ziggurat)
 70832 | Zig:13   | Identified the Disquisition on Cankerous Self-Knowledge
 70878 | Zig:14   | Entered Level 14 of a ziggurat
 70906 | Zig:14   | Identified the Reference Book on the Frigorific Entourage
 70924 | Zig:14   | Identified the ring "Ufyrho" {Str+4 Slay+6 Stlth+} (You found it on level 14 of a ziggurat)
 70947 | Zig:15   | Entered Level 15 of a ziggurat
 70979 | Zig:15   | Noticed a juggernaut
 70980 | Zig:15   | Found the +3 robe of Folly {Archmagi, MR-- Int+5}
 70981 | Zig:15   | Killed a juggernaut
 70981 | Zig:15   | Received a gift from Sif Muna
 71037 | Zig:15   | Got a slimy jade amulet
 71038 | Zig:15   | Identified the amulet "Seav" {Reflect rPois MP+9 SH+4} (You found it on level 15 of a ziggurat)
 71065 | Zig:15   | Found the +3 warlock's mirror {reflect}
 71068 | Zig:15   | Identified the ring of Yssutrac {*Tele +Fly rElec rC- SInv} (You found it on level 15 of a ziggurat)
 71082 | Zig:16   | Entered Level 16 of a ziggurat
 71095 | Zig:16   | Noticed an orb of fire
 71097 | Zig:16   | Noticed an orb of fire
 71101 | Zig:16   | Noticed an orb of fire
 71102 | Zig:16   | Killed an orb of fire
 71103 | Zig:16   | Noticed an orb of fire
 71103 | Zig:16   | Killed an orb of fire
 71104 | Zig:16   | Noticed an orb of fire
 71105 | Zig:16   | Gained mutation: Scrolls take you a little longer to read. [an orb of fire]
 71109 | Zig:16   | Killed an orb of fire
 71109 | Zig:16   | Reached skill level 10 in Stealth
 71110 | Zig:16   | Killed an orb of fire
 71110 | Zig:16   | Killed an orb of fire
 71161 | Zig:16   | Learned a level 9 spell: Glaciate
 71172 | Zig:16   | Identified the ring "Ydurepn" {rCorr Str+6} (You found it on level 16 of a ziggurat)
 71187 | Zig:16   | Identified the ring "Oshewoyn" {*Tele rElec Dex+2 SInv} (You found it on level 16 of a ziggurat)
 71189 | Zig:16   | Identified the Volume of Changing and Aid
 71196 | Zig:17   | Entered Level 17 of a ziggurat
 71211 | Zig:17   | Received a gift from Sif Muna
 71213 | Zig:17   | Reached skill level 27 in Spellcasting
 71291 | Zig:18   | Entered Level 18 of a ziggurat
 71312 | Zig:18   | Received a gift from Sif Muna
 71352 | Zig:18   | Found the +7 Kryia's mail coat {PotionHeal*2 rC+}
 71420 | Zig:19   | Entered Level 19 of a ziggurat
 71445 | Zig:19   | Lost mutation: You are robust. (+10% HP) [potion of mutation]
 71445 | Zig:19   | Lost mutation: Scrolls take you a little longer to read. [potion of mutation]
 71445 | Zig:19   | Lost mutation: You are partially covered in yellow scales. (AC +2) [potion of mutation]
 71445 | Zig:19   | Lost mutation: You can translocate small distances at will. [potion of mutation]
 71445 | Zig:19   | Gained mutation: You are agile. (Dex +2) [potion of mutation]
 71445 | Zig:19   | Gained mutation: You have a somewhat thin skeletal structure. (Dex +2, Stealth) [potion of mutation]
 71445 | Zig:19   | Gained mutation: You are resistant to hostile enchantments. (MR+) [potion of mutation]
 71448 | Zig:19   | Noticed Ase Por the pandemonium lord
 71459 | Depths:2 | Killed Ase Por the pandemonium lord
 71889 | Depths:2 | Noticed a juggernaut
 71893 | Depths:2 | Killed a juggernaut
 72121 | Depths:2 | Received a gift from Sif Muna
 72510 | Depths:3 | Found the +7 Singing Sword
 73031 | Depths:3 | Found a transporter.
 73280 | Depths:3 | Found a transporter.
 73292 | Depths:3 | Noticed Saint Roka
 73299 | Depths:3 | Killed Saint Roka
 73399 | Depths:3 | Found a one-way gate to the infinite horrors of the Abyss.
 73735 | Depths:3 | Received a gift from Sif Muna
 73780 | Depths:3 | Identified the ring "Qoxt" {rF+ rC+ Int-4 Dex+2} (You found it on level 3 of the Depths)
 73793 | Depths:3 | Got a pitted jade ring
 73832 | Depths:3 | Identified the ring "Wior" {rElec rN+ Str+2 Dex+2 SInv} (You found it on level 3 of the Depths)
 74640 | Depths:4 | Found a runed door.
 74640 | Depths:4 | Found a runed door.
 74652 | Depths:4 | Received a gift from Sif Muna
 74654 | Depths:4 | Reached skill level 10 in Evocations
 74904 | Depths:4 | Noticed a juggernaut
 74909 | Depths:4 | Killed a juggernaut
 74913 | Depths:4 | Noticed a juggernaut
 74916 | Depths:4 | Killed a juggernaut
 74996 | Depths:4 | Noticed a juggernaut
 74999 | Depths:4 | Found a runed door.
 75010 | Depths:4 | Killed a juggernaut
 75064 | Depths:4 | Found the +8 mithril axe "Arga" {speed, MR+}
 75111 | Depths:4 | Identified a +2 pair of boots of running (You found it on level 4 of the Depths)
 75843 | Depths:4 | Received a gift from Sif Muna
 76303 | Depths:4 | Reached skill level 15 in Necromancy
 76329 | Depths:4 | Identified Gyhostry's Volume of Boosting Clay
 76478 | Depths:5 | Entered Level 5 of the Depths
 76656 | Depths:5 | ## Here: a salamander, wielding a trident and wearing +0 ice dragon scales (almost dead)
 76656 | Depths:5 | ## the wisest salamander i've seen
 76804 | Depths:5 | Noticed a juggernaut
 76820 | Depths:5 | Killed a juggernaut
 77186 | Depths:5 | Found a gate to the Realm of Zot.
 78183 | Tomb:1   | Entered Level 1 of the Tomb of the Ancients
 78404 | Tomb:1   | Received a gift from Sif Muna
 78655 | Tomb:1   | Noticed a greater mummy
 78658 | Tomb:1   | Killed a greater mummy
 78658 | Tomb:1   | Noticed a greater mummy
 78660 | Tomb:1   | Killed a greater mummy
 79074 | Tomb:2   | Noticed a greater mummy
 79080 | Tomb:2   | Noticed a greater mummy
 79081 | Tomb:2   | Reached skill level 15 in Dodging
 79082 | Tomb:2   | Noticed a greater mummy
 79083 | Tomb:2   | Killed a greater mummy
 79084 | Tomb:2   | Killed a greater mummy
 79084 | Tomb:2   | Noticed Mara
 79084 | Tomb:2   | Noticed an ancient lich
 79085 | Tomb:2   | Killed a greater mummy
 79088 | Tomb:2   | Killed Mara
 79091 | Tomb:2   | Killed an ancient lich
 79123 | Tomb:2   | Reached skill level 15 in Fighting
 79405 | Tomb:1   | Noticed a greater mummy
 79409 | Tomb:1   | Killed a greater mummy
 79451 | Tomb:1   | Noticed a greater mummy
 79453 | Tomb:1   | Killed a greater mummy
 79494 | Tomb:1   | Noticed a greater mummy
 79496 | Tomb:1   | Killed a greater mummy
 79551 | Tomb:1   | Noticed a greater mummy
 79553 | Tomb:1   | Killed a greater mummy
 79645 | Tomb:1   | Noticed a greater mummy
 79648 | Tomb:1   | Killed a greater mummy
 79648 | Tomb:1   | Noticed a greater mummy
 79659 | Tomb:1   | Killed a greater mummy
 79688 | Tomb:1   | Noticed a greater mummy
 79690 | Tomb:1   | Killed a greater mummy
 79728 | Tomb:1   | Noticed a greater mummy
 79731 | Tomb:1   | Killed a greater mummy
 79818 | Tomb:1   | Noticed a greater mummy
 79830 | Tomb:1   | Killed a greater mummy
 80012 | Tomb:3   | Entered Level 3 of the Tomb of the Ancients
 80054 | Tomb:3   | Noticed a greater mummy
 80056 | Tomb:3   | Killed a greater mummy
 80058 | Tomb:3   | Noticed a greater mummy
 80059 | Tomb:3   | Killed a greater mummy
 80064 | Tomb:3   | Noticed a greater mummy
 80067 | Tomb:3   | Killed a greater mummy
 80069 | Tomb:3   | Noticed a greater mummy
 80077 | Tomb:3   | Killed a greater mummy
 80077 | Tomb:3   | Noticed a greater mummy
 80082 | Tomb:3   | Killed a greater mummy
 80109 | Tomb:3   | Noticed a greater mummy
 80111 | Tomb:3   | Killed a greater mummy
 80120 | Tomb:3   | Noticed a greater mummy
 80122 | Tomb:3   | Killed a greater mummy
 80198 | Tomb:3   | Identified the Collected Works on Heat and Changing
 80223 | Tomb:3   | Identified Qeetre's Guide on Ignition and Dark Rites
 80378 | Tomb:3   | Noticed a greater mummy
 80382 | Tomb:3   | Killed a greater mummy
 80416 | Tomb:3   | Got a golden rune of Zot
 80649 | Tomb:1   | Upgraded the game from 0.22.0-6-g71bd7aa6b3 to 0.22.0-13-g43fe8f24b8
 80996 | Pan      | Entered Pandemonium
 81097 | Pan      | Entered the realm of Lom Lobon.
 81244 | Pan      | Noticed Lom Lobon
 81302 | Pan      | Killed Lom Lobon
 81326 | Pan      | Got a magical rune of Zot
 81464 | Pan      | Identified the Almanac of Poison and Changing
 81473 | Pan      | Entered the realm of Gloorx Vloq.
 81479 | Pan      | Received a gift from Sif Muna
 81668 | Pan      | Reached skill level 15 in Stealth
 81728 | Pan      | Noticed Gloorx Vloq
 81736 | Pan      | Killed Gloorx Vloq
 81778 | Pan      | Got a dark rune of Zot
 81968 | Pan      | Entered the realm of Mnoleg.
 82087 | Pan      | Noticed Mnoleg
 82092 | Pan      | Killed Mnoleg
 82129 | Pan      | Got a glowing rune of Zot
 82176 | Pan      | Found an exit through the horrors of the Abyss.
 82180 | Pan      | Took an exit into the Abyss.
 82180 | Abyss:1  | Escaped into the Abyss
 82312 | Abyss:2  | Found a corrupted altar of Lugonu.
 82835 | Abyss:2  | Found an iron altar of Okawaru.
 83250 | Abyss:2  | Found a burning altar of Makhleb.
 83262 | Abyss:2  | Found a corrupted altar of Lugonu.
 83666 | Abyss:4  | Found a corrupted altar of Lugonu.
 83708 | Abyss:4  | Got an abyssal rune of Zot
 83762 | Depths:1 | Escaped the Abyss
 83777 | Depths:1 | Identified the +0 chain mail of the Illusory Ghosts {rN+} (You acquired it on level 1 of the Depths)
 83844 | Pan      | Entered Pandemonium
 83848 | Pan      | Entered the realm of Cerebov.
 83913 | Pan      | Found an exit through the horrors of the Abyss.
 83942 | Pan      | Received a gift from Sif Muna
 84020 | Pan      | Noticed Cerebov
 84028 | Pan      | Killed Cerebov
 84057 | Pan      | Got a shimmering lead ring
 84058 | Pan      | Identified the ring of Piffikliale {-Tele rElec MR+ Str+10 Int+4} (You found it in Pandemonium)
 84060 | Pan      | Identified the Handbook of Conjuration
 84063 | Pan      | Identified the +2 pair of boots "Qiehitid" {-Cast rN+++ Str+4} (You found it in Pandemonium)
 84099 | Pan      | Got a fiery rune of Zot
 84664 | Depths:1 | Escaped Pandemonium
 84666 | Pan      | Entered Pandemonium
 84700 | Pan      | Received a gift from Sif Muna
 84704 | Pan      | Noticed Gaagg the pandemonium lord
 84710 | Pan      | Killed Gaagg the pandemonium lord
 84812 | Pan      | Got a demonic rune of Zot
 84959 | Pan      | Found an exit through the horrors of the Abyss.
 84972 | Pan      | Took an exit into the Abyss.
 84972 | Abyss:1  | Escaped into the Abyss
 84991 | Depths:1 | Escaped the Abyss
 85077 | Hell     | Entered the Vestibule of Hell
 85077 | Hell     | Noticed Geryon
 85082 | Hell     | Killed Geryon
 85095 | Hell     | Received a gift from Sif Muna
 85290 | Hell     | Found a gateway to the freezing wastes of Cocytus.
 85302 | Coc:1    | Entered Level 1 of Cocytus
 85338 | Hell     | Learned a level 4 spell: Passage of Golubria
 85488 | Coc:2    | Reached skill level 1 in Axes
 85930 | Coc:6    | Received a gift from Sif Muna
 86235 | Coc:7    | Entered Level 7 of Cocytus
 86274 | Coc:7    | Reached skill level 15 in Evocations
 86315 | Coc:7    | Reached skill level 15 in Invocations
 86620 | Coc:7    | Noticed Antaeus
 86632 | Coc:7    | Killed Antaeus
 86693 | Coc:7    | Got an icy rune of Zot
 86840 | Hell     | Found a gateway to the ashen valley of Gehenna.
 86889 | Geh:1    | Entered Level 1 of Gehenna
 87205 | Geh:3    | Received a gift from Sif Muna
 87905 | Geh:7    | Entered Level 7 of Gehenna
 88080 | Geh:7    | Noticed the Serpent of Hell
 88084 | Geh:7    | Killed the Serpent of Hell
 88221 | Geh:7    | Received a gift from Sif Muna
 88252 | Geh:7    | Identified the +5 executioner's axe "Qigaps" {protect, rF- rN++ Int+7} (You took it off a balrug on level 7 of Gehenna)
 88286 | Geh:7    | Noticed Asmodeus
 88296 | Geh:7    | Killed Asmodeus
 88300 | Geh:7    | Got an obsidian rune of Zot
 88419 | Hell     | Found a gateway to the decaying netherworld of Tartarus.
 88429 | Tar:1    | Entered Level 1 of Tartarus
 89130 | Tar:7    | Entered Level 7 of Tartarus
 89153 | Tar:7    | Noticed an ancient lich
 89155 | Tar:7    | Killed an ancient lich
 89184 | Tar:7    | Reached skill level 5 in Axes
 89262 | Tar:7    | Noticed an ancient lich
 89266 | Tar:7    | Killed an ancient lich
 89305 | Tar:7    | Noticed an ancient lich
 89313 | Tar:7    | Killed an ancient lich
 89313 | Tar:7    | Reached skill level 10 in Charms
 89368 | Tar:7    | Received a gift from Sif Muna
 89506 | Tar:7    | Noticed Ereshkigal
 89518 | Tar:7    | Killed Ereshkigal
 89554 | Tar:7    | Got a bone rune of Zot
 89686 | Hell     | Found a gateway to the Iron City of Dis.
 89703 | Hell     | Learned a level 8 spell: Borgnjor's Revivification
 89705 | Dis:1    | Entered Level 1 of the Iron City of Dis
 89866 | Dis:3    | You fall through a shaft for 3 floors!
 89901 | Dis:7    | Entered Level 7 of the Iron City of Dis
 90316 | Dis:7    | Received a gift from Sif Muna
 90366 | Dis:7    | Reached skill level 15 in Charms
 90482 | Dis:7    | Found the +9 heavy crossbow "Sniper" {velocity, Acc+∞ SInv}
 90503 | Dis:7    | Noticed Dispater
 90515 | Dis:7    | Killed Dispater
 90535 | Dis:7    | Reached skill level 10 in Axes
 90556 | Dis:7    | Got an iron rune of Zot
 90847 | Zot:1    | Entered Level 1 of the Realm of Zot
 91251 | Zot:2    | Found the brooch of Shielding {Reflect SH+8}
 91251 | Zot:2    | Found a transporter.
 91251 | Zot:2    | Found a transporter.
 91609 | Zot:2    | Received a gift from Sif Muna
 93236 | Zot:5    | Entered Level 5 of the Realm of Zot
 93251 | Zot:4    | Received a gift from Sif Muna
 93559 | Zot:5    | Noticed an ancient lich
 93561 | Zot:5    | Killed an ancient lich
 93619 | Zot:5    | Noticed an ancient lich
 93621 | Zot:5    | Killed an ancient lich
 93720 | Zot:5    | Noticed an orb of fire
 93723 | Zot:5    | Noticed an ancient lich
 93725 | Zot:5    | Killed an orb of fire
 93725 | Zot:5    | Killed an ancient lich
 93726 | Zot:5    | Noticed an ancient lich
 93727 | Zot:5    | Killed an ancient lich
 93773 | Zot:5    | Noticed an ancient lich
 93775 | Zot:5    | Killed an ancient lich
 93826 | Zot:5    | Noticed an orb of fire
 93831 | Zot:5    | Killed an orb of fire
 93870 | Zot:5    | Noticed an orb of fire
 93874 | Zot:5    | Killed an orb of fire
 93950 | Zot:5    | Received a gift from Sif Muna
 94036 | Zot:5    | Noticed an orb of fire
 94036 | Zot:5    | Gained mutation: You are frail. (-10% HP) [an orb of fire]
 94040 | Zot:5    | Killed an orb of fire
 94264 | Zot:5    | Got the Orb of Zot
 94431 | Zot:1    | Noticed Nokoss the pandemonium lord
 94441 | Depths:5 | Killed Nokoss the pandemonium lord
 94604 | Depths:4 | Noticed Wexisch the pandemonium lord
 94617 | Depths:4 | Noticed Kysepog the pandemonium lord
 94792 | D:12     | Lost mutation: You are agile. (Dex +2) [potion of mutation]
 94792 | D:12     | Gained mutation: Scrolls take you a little longer to read. [potion of mutation]
 94792 | D:12     | Gained mutation: Your natural rate of healing is unusually fast. [potion of mutation]
 94792 | D:12     | Gained mutation: You possess an exceptional clarity of mind. [potion of mutation]
 94793 | D:12     | Lost mutation: Your natural rate of healing is unusually fast. [potion of mutation]
 94793 | D:12     | Lost mutation: You possess an exceptional clarity of mind. [potion of mutation]
 94793 | D:12     | Gained mutation: You are agile. (Dex +2) [potion of mutation]
 94793 | D:12     | Gained mutation: You are partially covered in large bone plates. (SH +4) [potion of mutation]
 94793 | D:12     | Gained mutation: Your system is resistant to poisons. (rPois) [potion of mutation]
 94794 | D:12     | Lost mutation: You are agile. (Dex +2) [potion of mutation]
 94794 | D:12     | Lost mutation: You are frail. (-10% HP) [potion of mutation]
 94794 | D:12     | Lost mutation: You are resistant to hostile enchantments. (MR+) [potion of mutation]
 94794 | D:12     | Gained mutation: Armour fits poorly on your strangely shaped body. [potion of mutation]
 94794 | D:12     | Gained mutation: You are resistant to electric shocks. (rElec) [potion of mutation]
 94794 | D:12     | Lost mutation: Your system is resistant to poisons. (rPois) [potion of mutation]
 94794 | D:12     | Gained mutation: Your muscles are strong. (Str +2) [potion of mutation]
 94795 | D:12     | Lost mutation: Scrolls take you a little longer to read. [potion of mutation]
 94795 | D:12     | Lost mutation: Your muscles are strong. (Str +2) [potion of mutation]
 94795 | D:12     | Lost mutation: You have a somewhat thin skeletal structure. (Dex +2, Stealth) [potion of mutation]
 94795 | D:12     | Gained mutation: You are dopey. (Int -2) [potion of mutation]
 94795 | D:12     | Gained mutation: You tend to lose your temper in combat. [potion of mutation]
 94795 | D:12     | Gained mutation: You are resistant to hostile enchantments. (MR+) [potion of mutation]
 94796 | D:12     | Lost mutation: You are partially covered in large bone plates. (SH +4) [potion of mutation]
 94796 | D:12     | Lost mutation: You are resistant to hostile enchantments. (MR+) [potion of mutation]
 94796 | D:12     | Lost mutation: Armour fits poorly on your strangely shaped body. [potion of mutation]
 94796 | D:12     | Lost mutation: You tend to lose your temper in combat. [potion of mutation]
 94796 | D:12     | Gained mutation: You occasionally shout uncontrollably at your foes. [potion of mutation]
 94796 | D:12     | Lost mutation: You are dopey. (Int -2) [potion of mutation]
 94798 | D:12     | Lost mutation: You are resistant to electric shocks. (rElec) [potion of mutation]
 94798 | D:12     | Lost mutation: You occasionally shout uncontrollably at your foes. [potion of mutation]
 94798 | D:12     | Gained mutation: You occasionally shout uncontrollably at your foes. [potion of mutation]
 94798 | D:12     | Lost mutation: You occasionally shout uncontrollably at your foes. [potion of mutation]
 94798 | D:12     | Gained mutation: You are dopey. (Int -2) [potion of mutation]
 94798 | D:12     | Gained mutation: You have an increased reservoir of magic. (+10% MP) [potion of mutation]
 94983 | D:$      | Escaped with the Orb!

Skill      XL: |  1  2  3  4  5  6  7  8  9 10 11 12 13 14 15 16 17 18 19 20 21 22 23 24 25 26 27 |
---------------+----------------------------------------------------------------------------------+-----
Ice Magic      | 4 5 6 7 8 9 10 11 12 13 14 15 21 | 21.1
Fighting       | 1 2 4 6 7 9 10 12 22 | 22.2
Conjurations   | 2 3 4 5 9 12 14 16 18 20 22 25 | 25.4
Spellcasting   | 4 5 6 8 10 13 14 16 17 18 20 21 22 26 27 | 27.0
Dodging        | 3 4 5 7 8 9 10 21 | 21.6
Invocations    | 3 7 9 25 | 25.8
Summonings     | 3 5 7 |  7.0
Evocations     | 5 16 | 16.0
Earth Magic    | 5 7 9 10 11 13 14 15 | 15.1
Charms         | 3 6 15 | 15.0
Necromancy     | 7 9 11 12 22 | 22.4
Shields        | 4 |  4.1
Transmutations | 4 7 8 |  8.8
Translocations | 4 5 |  5.7
Fire Magic     | 8 12 13 16 20 21 23 | 23.8
Armour         | 3 |  3.2
Stealth        | 18 | 18.2
Axes           | 13 | 13.0

Action                   |  1- 3 |  4- 6 |  7- 9 | 10-12 | 13-15 | 16-18 | 19-21 | 22-24 | 25-27 || total
-------------------------+-------+-------+-------+-------+-------+-------+-------+-------+-------++-------
Melee: Dagger            |     1 |    36 |   168 |       |       |       |       |       |       ||   205
       Hunting sling     |       |       |       |     1 |       |       |       |       |       ||     1
       Trident           |       |       |       |       |   105 |       |     9 |       |       ||   114
       Staff             |       |       |       |       |     1 |     2 |    19 |    26 |    44 ||    92
       Rapier            |       |       |       |       |       |    44 |       |     8 |       ||    52
       Broad axe         |       |       |       |       |       |       |       |       |    81 ||    81
 Fire: Hunting sling     |       |       |    65 |   225 |    10 |       |       |       |       ||   300
       Blowgun           |       |       |       |       |     2 |       |       |       |       ||     2
Throw: Stone             |     5 |     3 |     2 |       |       |       |       |       |       ||    10
       Tomahawk          |       |       |       |       |     2 |     7 |     2 |       |       ||    11
 Cast: Freeze            |    26 |    40 |    90 |   206 |    73 |    14 |     6 |       |       ||   455
       Throw Frost       |    27 |    50 |    79 |   123 |    92 |    12 |       |       |       ||   383
       Throw Icicle      |       |     1 |     3 |    92 |   312 |   444 |    96 |    60 |    87 ||  1095
       Summon Ice Beast  |       |       |    55 |    89 |    40 |     2 |       |       |       ||   186
       Stone Arrow       |       |       |       |     9 |    65 |       |       |       |       ||    74
       Sublimation of Bl |       |       |       |       |    90 |    99 |   123 |   212 |   447 ||   971
       Regeneration      |       |       |       |       |    45 |    61 |    64 |    68 |   199 ||   437
       Lee's Rapid Decon |       |       |       |       |    10 |    57 |    42 |   119 |   193 ||   421
       Passwall          |       |       |       |       |     5 |     1 |       |       |    53 ||    59
       Ozocubu's Armour  |       |       |       |       |     4 |     1 |       |       |       ||     5
       Bolt of Cold      |       |       |       |       |   119 |   204 |   165 |    66 |   227 ||   781
       Borgnjor's Vile C |       |       |       |       |       |    26 |     6 |    24 |    50 ||   106
       Ozocubu's Refrige |       |       |       |       |       |    40 |    45 |     6 |       ||    91
       Statue Form       |       |       |       |       |       |    10 |     4 |     3 |    22 ||    39
       Summon Butterflie |       |       |       |       |       |     8 |       |       |     3 ||    11
       Blink             |       |       |       |       |       |     2 |    11 |    23 |    69 ||   105
       Fireball          |       |       |       |       |       |       |   343 |   649 |   437 ||  1429
       Apportation       |       |       |       |       |       |       |     1 |       |    14 ||    15
       Aura of Abjuratio |       |       |       |       |       |       |       |     2 |    28 ||    30
       Ignition          |       |       |       |       |       |       |       |     8 |   147 ||   155
       Fire Storm        |       |       |       |       |       |       |       |       |   629 ||   629
       Glaciate          |       |       |       |       |       |       |       |       |   215 ||   215
       Passage of Golubr |       |       |       |       |       |       |       |       |    20 ||    20
Invok: Divine Energy     |       |       |       |       |     1 |       |       |       |       ||     1
       Stop Divine Energ |       |       |       |       |     1 |       |       |       |       ||     1
       Channel Magic     |       |       |       |       |       |     3 |       |       |    45 ||    48
 Abil: End Transformatio |       |       |       |       |       |       |     1 |     3 |     4 ||     8
Evoke: Wand              |       |     3 |     2 |    10 |    17 |    41 |     8 |     4 |    40 ||   125
       Phial of floods   |       |       |       |     2 |     3 |       |     1 |     1 |       ||     7
       Lamp of fire      |       |       |       |       |       |       |     1 |     1 |       ||     2
       Staff of energy   |       |       |       |       |       |       |       |       |    45 ||    45
  Use: Scroll            |     3 |     3 |     6 |     8 |    18 |    13 |    17 |     8 |    36 ||   112
       Potion            |       |       |     1 |     3 |     4 |       |     8 |     3 |    42 ||    61
 Stab: Sleeping          |       |       |     7 |       |       |       |       |     1 |       ||     8
       Distracted        |       |       |     2 |       |       |       |       |     1 |       ||     3
       Paralysed         |       |       |       |       |       |     9 |       |       |       ||     9
  Eat: Chunk             |     2 |     9 |    10 |    35 |    62 |    44 |    18 |    21 |    34 ||   235
       Ration            |       |       |     4 |     1 |     4 |     8 |     6 |     5 |    24 ||    52
Armor: Robe              |     8 |     4 |    29 |    46 |    48 |    47 |    31 |       |    76 ||   289
       Skin              |       |       |       |       |       |    75 |    12 |     9 |   179 ||   275
       Troll leather arm |       |       |       |       |       |       |     5 |    73 |     8 ||    86
Dodge: Dodged            |    19 |    43 |   129 |   208 |   192 |   368 |   179 |   176 |  1186 ||  2500
       Deflected         |       |       |     6 |    15 |    16 |       |       |       |       ||    37
Block: Buckler           |       |       |       |       |     6 |   120 |    58 |    74 |   404 ||   662
